 Dungeon Crawl Stone Soup version 0.31-a0-844-gdc52ec4e09 (webtiles) character file.

Game seed: 15251907270154946538

236 Goblin1989 the Ruffian (level 5, -2/37 HPs)
             Began as a Demonspawn Shapeshifter on Sept 30, 2023.
             Slain by a gnoll
             ... wielding a +0 whip
              (4 damage)
             ... on level 3 of the Dungeon.
             The game lasted 00:12:13 (2780 turns).

Goblin1989 the Ruffian (Demonspawn Shapeshifter)    Turns: 2780, Time: 00:12:13

Health: -2/37      AC:  5    Str: 16    XL:     5   Next: 77%
Magic:  5/5        EV: 11    Int: 12    God:
Gold:   159        SH:  0    Dex: 12    Spells: 4/4 levels left

rFire   . .          .
                       - Unarmed
rCold   . . .        (no shield)
rNeg    . . .        o - +0 ring mail
rPois   .            (helmet currently unavailable)
rElec   .            (cloak currently unavailable)
rCorr   .            (gloves currently unavailable)
SInv    .            (boots currently unavailable)
Will    .....        (no amulet)
Stlth   +            (no ring)
HPRegen 0.26/turn    (no ring)
MPRegen 0.09/turn

%: no passive effects
@: beast-form
A: beast (slay +2), ignite blood 1, powered by pain 1
a: Begin Untransformation


You were on level 3 of the Dungeon.
You were a hulking beast.
You visited 1 branch of the dungeon, and saw 3 of its levels.

You collected 159 gold pieces.

Inventory:

Hand Weapons
 p - the +5 mace of Destruction {flame, Fragile rF+ Str+2}
   (You found it on level 3 of the Dungeon)

   Str+2:     It affects your strength (+2).
   rF+:       It protects you from fire.
   Fragile:   It will be destroyed if unequipped.
 r - a +0 sling
Missiles
 s - 2 boomerangs {@Q3}
Armour
 o - a +0 ring mail (worn)
 q - a +0 scale mail
Talismans
 c - a beast talisman (active)
 d - a flux talisman
Scrolls
 f - a scroll of enchant weapon {unknown}
 g - 2 scrolls of revelation {unknown}
 h - 4 scrolls of identify {unknown}
 i - a scroll of noise {unknown}
 j - a scroll of immolation {unknown}
Potions
 b - 2 potions of lignification
 e - a potion of cancellation
 k - a potion of haste {unknown}
 l - a potion of heal wounds {unknown}
 m - a potion of mutation {unknown}
 n - a potion of attraction {unknown}
 t - a potion of brilliance {unknown}
 u - a potion of curing {unknown}


   Skills:
 - Level 1.0 Fighting
 - Level 1.7 Dodging
 * Level 5.2 Unarmed Combat
 + Level 3.7 Shapeshifting


You had 4 spell levels left.
You didn't know any spells.
Your spell library contained the following spells:

 Spells                   Type           Power      Damage    Failure   Level
 Blink                    Tloc           0%         N/A       67%         2
 Manifold Assault         Tloc           0%         N/A       99%         4


Dungeon Overview and Level Annotations

Branches:
Dungeon (3/15) Zot: 15230

Altars:


Innate Abilities, Weirdness & Mutations

You are a hulking beast.
Your limbs bulge with bestial killing power. (Slay +2)
Your demonic aura sometimes causes spilled blood to erupt in flames.
You sometimes gain a little power by taking damage.


Message History

You see here a +0 club.
You see here a +0 club.
You now have 159 gold pieces (gained 13).
You see here a +0 sling.
You see here a +0 club.
A kobold comes into view. It is wielding a +0 dagger.
Found 8 gold pieces.
The kobold throws a stone.
The stone hits you.
You take 1 damage, and have 36/37 hp.
A kobold is nearby!
A kobold is nearby!
A kobold, 3 gnolls and a hobgoblin come into view.
The kobold is wielding a +1 whip of holy wrath.
Found 45 gold pieces.
The kobold shouts!
The gnoll shouts! x3; The hobgoblin shouts!
You hear a shout! x3
Health restored: 37 You miss the kobold.
A hobgoblin comes into view.
The gnoll barely misses you.
You hit the kobold.
You kill the kobold!
The hobgoblin hits you.
The gnoll hits you from afar with a +0 spear.
You take 2 damage, and have 35/37 hp.
You closely miss the hobgoblin. The hobgoblin hits you.
The gnoll hits you from afar with a +0 spear.
You barely miss the hobgoblin.
A hobgoblin comes into view.
The hobgoblin hits you.
The gnoll hits you from afar with a +0 spear.
You take 8 damage, and have 27/37 hp.
MASSIVE DAMAGE!!
The hobgoblin shouts!
You hit the hobgoblin.
The hobgoblin is severely wounded.
The hobgoblin closely misses you.
The gnoll hits you from afar with a +0 spear.
You take 4 damage, and have 23/37 hp.
You hit the hobgoblin.
You kill the hobgoblin!
The gnoll barely misses you.
You punch the kobold!
You kill the kobold!
A gnoll comes into view. It is wielding a +0 whip.
The gnoll hits you from afar with a +0 spear.
You are too injured to fight recklessly!
You take 3 damage, and have 20/37 hp.
You are too injured to fight recklessly!
You are too injured to fight recklessly!
You are too injured to fight recklessly!
You are too injured to fight recklessly!
You are too injured to fight recklessly!
You are too injured to fight recklessly!
You are too injured to fight recklessly!
You are too injured to fight recklessly!
You are too injured to fight recklessly!
You are too injured to fight recklessly!
You are too injured to fight recklessly!
You are too injured to fight recklessly!
You are too injured to fight recklessly!
You are too injured to fight recklessly!
You are too injured to fight recklessly!
You are too injured to fight recklessly!
You are too injured to fight recklessly!
You are too injured to fight recklessly!
You are too injured to fight recklessly!
You are too injured to fight recklessly!
You are too injured to fight recklessly!
You are too injured to fight recklessly!
You hit the gnoll.
The gnoll is moderately wounded.
The gnoll closely misses you.
The gnoll hits you from afar with a +0 spear.
* * * LOW HITPOINT WARNING * * *
You take 4 damage, and have 16/37 hp.
You barely miss the gnoll.
The gnoll is moderately wounded.
The gnoll attacks as it pursues you! The gnoll hits you with a +0 whip.
* * * LOW HITPOINT WARNING * * *
You take 6 damage, and have 11/37 hp.
The gnoll barely misses you.
The hobgoblin attacks as it pursues you!
The hobgoblin barely misses you. The gnoll attacks as it pursues you!
The gnoll hits you with a +0 whip.
* * * LOW HITPOINT WARNING * * *
You take 3 damage, and have 9/37 hp.
The gnoll attacks as it pursues you! The gnoll hits you but does no damage.
The gnoll attacks as it pursues you! The gnoll misses you.
The gnoll attacks as it pursues you! The gnoll completely misses you.
There is an open door here.
You hit the gnoll.
The gnoll is heavily wounded.
The gnoll hits you with a +0 whip.
* * * LOW HITPOINT WARNING * * *
You take 5 damage, and have 9/37 hp.
The gnoll attacks as it pursues you! The gnoll hits you with a +0 whip!
* * * LOW HITPOINT WARNING * * *
You take 8 damage, and have 2/37 hp.
MASSIVE DAMAGE!!
It was a potion of cancellation.
You feel magically purged. The gnoll hits you with a +0 whip.
You die...

....█.......██..██<...██████.....
..................)).............
..................)).............
~~~~..~~~~~~~..)..)~~.~~~~..~~.~.
~~~~~~~~~~~~~~....)~~~~~~~~~≈~~~~
≈~≈≈≈≈≈≈~≈~≈≈~.....~~≈≈≈≈≈≈≈≈≈~≈≈
≈≈≈≈≈≈≈≈≈≈≈≈≈~~.....~≈≈≈≈≈≈≈≈≈≈≈≈
████████████████∆)███████████████
......█.......█.h..█.....))█.....
......∆.).....█.g..█.....))∆.....
......█████████g...█████████...[.
███...g..g...█g.....█........))..
█.....g..ggg......∆.......)....
███.......g..█......█............
).....█████████....█████████....)
.....))...... █....█....)).∆.....
......█...... █....█.......█...[.


You could see 2 gnolls and 2 hobgoblins.

Vanquished Creatures
  An iguana (D:3)
  7 gnolls
  4 adders
  2 worms (D:2)
  A dart slug (D:2)
  6 endoplasms
  3 giant cockroaches
  30 goblins
  19 hobgoblins
  2 jackals (D:2)
  2 quokkas
  A ball python (D:2)
  3 bats
  2 frilled lizards (D:1)
  4 kobolds
  3 rats
90 creatures vanquished.

Notes
Turn   | Place    | Note
-------+----------+-------------------------------------------
     0 | D:1      | Goblin1989 the Demonspawn Shapeshifter began the quest for
                  | the Orb.
     0 | D:1      | Reached XP level 1. HP: 15/15 MP: 1/1
    65 | D:1      | Reached skill level 3 in Unarmed Combat
   258 | D:1      | Gained mutation: Your demonic aura sometimes causes spilled
                  | blood to erupt in flames. [demonic ancestry]
   258 | D:1      | Reached XP level 2. HP: 21/21 MP: 2/2
   704 | D:2      | Reached XP level 3. HP: 25/26 MP: 3/3
  1156 | D:3      | Reached skill level 4 in Unarmed Combat
  1156 | D:3      | Reached XP level 4. HP: 21/32 MP: 4/4
  1206 | D:3      | Identified the +5 mace of Destruction {flame, Fragile rF+
                  | Str+2}
  1797 | D:3      | Found a faded altar of an unknown god.
  2008 | D:3      | Gained mutation: You sometimes gain a little power by
                  | taking damage. [demonic ancestry]
  2008 | D:3      | Reached XP level 5. HP: 32/37 MP: 5/5
  2401 | D:3      | Reached skill level 5 in Unarmed Combat
  2780 | D:3      | Slain by a gnoll

Illustrated notes

Levels and vault maps discovered:
D:1:      matt_arrival_diagonals, layout_loops_ring
D:2:      layout_rooms, dreamdust_wishing_well
D:3:      minmay_goblin_kobold_castle, layout_rooms, basic_ecumenical_altar,
          nicolae_eternal_life, nicolae_the_louvre

Skill      XL: |  1  2  3  4  5 |
---------------+----------------+-----
Unarmed Combat | 3 4 5 |  5.2
Shapeshifting  | 3 |  3.7
Fighting       | |  1.0
Dodging        | |  1.7

Action                     |  1- 3 |  4- 6 || total
---------------------------+-------+-------++-------
  Melee: Unarmed           |    78 |   134 ||   212
         Punch             |     2 |     2 ||     4
    Use: Potion            |       |     1 ||     1
   Stab: Sleeping          |     2 |       ||     2
 Armour: Animal skin       |    25 |       ||    25
         Ring mail         |     4 |   109 ||   113
  Dodge: Dodged            |    36 |    94 ||   130

Table legend: (Time is in decaauts)
 A = Elapsed time spent in this place.
 B = Non-inter-level travel time spent in this place.
 C = Inter-level travel time spent in this place.
 D = Time resting spent in this place.
 E = Time spent auto-exploring this place.
 F = Levels seen in this place.
 G = Mean time per level.
                   A        B        C        D        E       F      G
               +--------+--------+--------+--------+--------+-----+--------+
         Total |   2768 |   2731 |     37 |    393 |   1739 |   3 |  922.7 |
       Dungeon |   2768 |   2731 |     37 |    393 |   1739 |   3 |  922.7 |
               +--------+--------+--------+--------+--------+-----+--------+

Top non-repeatable levels by time:
     D:3: 1313 daAuts
     D:2: 846 daAuts
     D:1: 608 daAuts
